 Dungeon Crawl Stone Soup version 0.31-a0-609-g7bf6ffcfed (webtiles) character file.

Game seed: 10678300748858028944

3012 Hubris850 the Mimic (level 9, 0/35 HPs)
             Began as a Felid Shapeshifter on Aug 21, 2023.
             Was a Follower of Uskayaw.
             Slain by Prince Ribbit (9 damage)
             ... on level 7 of the Dungeon.
             The game lasted 00:18:03 (5628 turns).

Hubris850 the Mimic (Felid Shapeshifter)            Turns: 5628, Time: 00:18:04

Health: 0/35       AC:  2    Str: 15    XL:     9   Next: 55%
Magic:  10/10      EV: 23    Int:  9    God:    Uskayaw [*.....]
Gold:   399        SH:  0    Dex: 17    Spells: 8/8 levels left
                                        Lives:  0   Deaths: 3

rFire   . .          .
                       - Unarmed
rCold   . . .        (shield unavailable)
rNeg    . . .        (body armour unavailable)
rPois   .            (helmet unavailable)
rElec   .            (cloak unavailable)
rCorr   .            (gloves unavailable)
SInv    +            (boots unavailable)
Will    ++...        k - amulet of faith
Stlth   +            n - +5 ring of evasion
HPRegen 0.25/turn    e - ring of willpower
MPRegen 0.12/turn

%: faith
@: flux-form, glowing, quick
A: glow, contaminating, very small, claws 1, fangs 3, see invisible, speed 1,
shaggy fur 2, stealthy paws, no weapons or thrown items, no armour, multi-lived
a: Begin Untransformation, Renounce Religion, Stomp


You were on level 7 of the Dungeon.
You worshipped Uskayaw.
Uskayaw was noncommittal.
You were something dangerously unstable.
You visited 1 branch of the dungeon, and saw 7 of its levels.
You also visited: Ossuary.

You collected 399 gold pieces.

Inventory:

Jewellery
 e - a ring of willpower (right paw)
 f - an amulet of guardian spirit
 k - an amulet of faith (around neck)
 n - a +5 ring of evasion (left paw)
Talismans
 b - a beast talisman
 c - a flux talisman (active)
Wands
 j - a wand of quicksilver (8)
 o - a wand of flame (30)
 u - a wand of paralysis (3)
Scrolls
 r - 2 scrolls of revelation
 t - a scroll of blinking
Potions
 a - a potion of lignification
 d - a potion of haste
 g - a potion of berserk rage {unknown}
 h - 4 potions of curing
 l - 2 potions of enlightenment {unknown}
 m - 3 potions of might {unknown}
 p - a potion of magic {unknown}
 q - a potion of resistance {unknown}
 v - 2 potions of heal wounds
 w - 2 potions of invisibility {unknown}


   Skills:
 - Level 1.0 Fighting
 - Level 3.5 Dodging
 + Level 9.4 Unarmed Combat
 + Level 9.7 Shapeshifting


You had 8 spell levels left.
You didn't know any spells.
Your spell library contained the following spells:

 Spells                   Type           Power      Damage    Failure   Level
 Magic Dart               Conj           0%         1d3       38%         1
 Shock                    Conj/Air       0%         1d3       38%         1
 Swiftness                Air            0%         N/A       77%         3
 Airstrike                Air            0%         2d(0-16)  99%         4


Dungeon Overview and Level Annotations

Branches:
Dungeon (7/15)             Temple (0/1) D:4         Ossuary (visited)

Altars:
Fedhas
Kikubaaqudgha
Makhleb
Sif Muna
Uskayaw
Vehumet
Wu Jian
The Shining One

Shops:
D:4 =   D:5 !*=   D:6 [

Annotations:
D:3 2 transporters, soul19's ghost, amateur GrFE
D:7 Prince Ribbit


Innate Abilities, Weirdness & Mutations

You are something dangerously unstable.
You glow with magical radiation, making you easy to see and hit.
Foes you strike become dangerously contaminated with magical radiation.
You have sharp claws.
You have razor-sharp teeth.
You have supernaturally acute eyesight. (SInv)
You cover ground quickly. (Speed+)
You are covered in thick fur. (AC +2)
Your paws help you pounce on unaware monsters.
You are incapable of wielding weapons or throwing items.
You cannot wear armour.
You gain extra lives every three experience levels.


Message History

The steam dragon is almost dead.
You are engulfed in a cloud of scalding steam.
* * * LOW HITPOINT WARNING * * *
The steam dragon barely misses you. The steam dragon completely misses you.
You scratch the steam dragon.
The steam dragon glows dangerously bright.
The steam dragon is almost dead.
You are engulfed in a cloud of scalding steam.
* * * LOW HITPOINT WARNING * * *
The steam dragon is no longer sharing its pain.
The steam dragon misses you. The steam dragon barely misses you.
Aiming: Line Pass
Press: ? - help, Dir - move target The steam dragon appears confused.
You claw the steam dragon!
You kill the steam dragon!
Uskayaw will force your foes to share their pain.
You start resting.
Magic restored.
You start resting.
HP restored.
Items here: ))) [[[ ††.
Items here: ))) [[[ ††.
Okay, then.
x - a scroll labelled XEIGOI XEHIC
As you read the scroll labelled DUIHOI GUNEN, it dissolves into smoke.
It was a scroll of fog.
As you read the scroll labelled DIUCECH HIRA, it crumbles to dust.
You hear a loud clanging noise!
It was a scroll of noise.
You hear a loud, deep croak!
You hear a howl!
As you read the scroll labelled XEIGOI XEHIC, it crumbles to dust.
Your body is wracked with pain!
It was a scroll of torment.
You start resting.
Prince Ribbit comes into view.
Prince Ribbit hops awkwardly around.
You barely miss Prince Ribbit. Prince Ribbit hits you!
* * * LOW HITPOINT WARNING * * *
You barely miss Prince Ribbit. Prince Ribbit hits you!
You die...

.^~ .. .. # .
#. #. .# #.
#.#####.#
##.##...[<.#
.......[.F#.#
##.######B#.#
#. ##§...#
###.####§....#
#..)).§§§§...#
#.#.####.....#
#. ##§§§....
#. #######..
#. . ##


You could see Prince Ribbit.

Vanquished Creatures
  Jeremiah (D:6)
  3 yaks
  Eustachio (D:5)
  A steam dragon (D:7)
  A water moccasin (D:6)
  An orc warrior (D:7)
  A sky beast (D:7)
  An ice beast (D:6)
  2 black bears (D:4)
  4 ogres
  A scorpion (D:5)
  4 wights (D:7)
  A howler monkey (D:6)
  4 hounds
  An orc priest (D:4)
  3 jellies
  A sleepcap (D:6)
  4 iguanas
  4 orc wizards
  3 hound zombies (Ossuary)
  5 mummies
  12 gnolls
  4 adders
  2 shadow imps (D:5)
  2 white imps
  An ufetubus (D:5)
  2 adder zombies (Ossuary)
  A worm (D:2)
  2 dart slugs (D:4)
  17 orcs
  4 bats
  2 endoplasms
  5 giant cockroaches
  A gnoll zombie (Ossuary)
  5 hobgoblins
  8 quokkas
  7 ball pythons
  2 frilled lizards
  10 goblins
  A hobgoblin zombie (Ossuary)
  2 jackal zombies (Ossuary)
  4 kobolds
  2 kobold zombies (Ossuary)
  4 rats
  A rat zombie (Ossuary)
148 creatures vanquished.

Vanquished Creatures (others)
  An orc (D:7)
1 creature vanquished.

Grand Total: 149 creatures vanquished

Notes
Turn   | Place    | Note
-------+----------+-------------------------------------------
     0 | D:1      | Hubris850 the Felid Shapeshifter began the quest for the
                  | Orb.
     0 | D:1      | Reached XP level 1. HP: 9/9 MP: 2/2
   148 | D:1      | Reached XP level 2. HP: 10/12 MP: 3/3
   262 | D:1      | Slain by a frilled lizard
   360 | D:1      | Found a faded altar of an unknown god.
   492 | D:1      | Prayed at the altar of an unknown god.
   492 | D:1      | Became a worshipper of Uskayaw the Reveller
   492 | D:1      | Reached * piety under Uskayaw
   715 | D:2      | Reached ** piety under Uskayaw
   782 | D:2      | Reached XP level 3. HP: 11/15 MP: 4/4
  1299 | D:3      | Reached *** piety under Uskayaw
  1305 | D:3      | Reached **** piety under Uskayaw
  1425 | D:3      | Noticed soul19's ghost (amateur GrFE)
  1432 | D:3      | Found a transporter.
  1435 | D:3      | Found a transporter.
  1650 | D:3      | Reached XP level 4. HP: 19/19 MP: 5/5
  2051 | D:3      | Found a glowing golden altar of the Shining One.
  2060 | D:3      | Found a hide-covered altar of Uskayaw.
  2274 | D:4      | Found an ornate altar of the Wu Jian Council.
  2325 | D:4      | Noticed a black bear
  2328 | D:4      | Reached XP level 5. HP: 3/22 MP: 0/6
  2425 | D:4      | Killed a black bear
  2426 | D:4      | Reached skill level 5 in Unarmed Combat
  2429 | D:4      | Reached skill level 5 in Shapeshifting
  2429 | D:4      | Gained mutation: You are covered in thick fur. (AC +2)
                  | [Felid growth]
  2429 | D:4      | Reached XP level 6. HP: 12/25 MP: 1/7
  2651 | D:4      | HP: 1/25 [gnoll/+0 spear (6)]
  2651 | D:4      | Mangled by a gnoll
  2736 | D:4      | Reached XP level 7. HP: 17/28 MP: 4/8
  2895 | D:4      | Found Diufuipp's Jewellery Shoppe.
  3040 | D:4      | Found a staircase to the Ecumenical Temple.
  3088 | D:5      | Entered Level 5 of the Dungeon
  3088 | D:5      | Found Cabiatin's Distillery.
  3498 | D:5      | Found Acibep's Jewellery Boutique.
  3588 | D:5      | Found Udoemor's General Store.
  3649 | D:5      | Reached XP level 8. HP: 12/32 MP: 3/9
  3790 | D:5      | Noticed Eustachio
  3806 | D:5      | Killed Eustachio
  4130 | D:5      | Found a blossoming altar of Fedhas.
  4350 | D:6      | Noticed Jeremiah
  4359 | D:6      | Slain by Jeremiah
  4405 | D:6      | Killed Jeremiah
  4424 | D:6      | Reached XP level 9. HP: 24/35 MP: 10/10
  4437 | D:6      | Found a sand-covered staircase.
  4445 | Ossuary  | Entered an ossuary
  4504 | Ossuary  | Reached ***** piety under Uskayaw
  4744 | D:6      | Found a burning altar of Makhleb.
  4947 | D:6      | Found Erawutur's Armour Shop.
  5127 | D:6      | Found a radiant altar of Vehumet.
  5130 | D:6      | Got Vehumet's Compendium of Combat Magic
  5132 | D:6      | Found an ancient bone altar of Kikubaaqudgha.
  5133 | D:6      | Found a shimmering blue altar of Sif Muna.
  5467 | D:7      | HP: 1/35 [steam dragon] (6)]
  5623 | D:7      | Noticed Prince Ribbit
  5628 | D:7      | Slain by Prince Ribbit

Illustrated notes

Levels and vault maps discovered:
D:1:      nzn_arrival_water_spiral, layout_loops_ring,
          ebering_ecumenical_altar_abandoned
D:2:      layout_basic, nicolae_elevator_lobby_asterisk
D:3:      layout_loops_ring, mainiacjoe_overflow_swirl, gammafunk_ghost_arena,
          nrook_campfire
D:4:      wad_pebble_path, layout_rooms, mainiacjoe_overflow_small_starburst,
          minmay_temple_entry_gardened_gates, minmay_shop_enchanted_jewellery,
          minmay_misc_feat_room, st_stairs_9
D:5:      layout_loops_ring, lemuel_crystal_altar, serial_shops, shop, shop,
          nicolae_square_shop, uniq_eustachio
D:6:      cheibrodos_quashed, layout_cave_pools,
          grunt_temple_overflow_magic_moments, mainiacjoe_overflow_paths,
          gup_ossuary_entry_pyramid, serial_shops, nicolae_shop_waterfront,
          uniq_jeremiah
D:7:      statuecave_lemuel, layout_loops_ring, nicolae_titane,
          uniq_prince_ribbit1, uniq_crazy_yiuf_cottage, uniq_duvessa

Skill      XL: |  1  2  3  4  5  6  7  8  9 |
---------------+----------------------------+-----
Dodging        | 3 |  3.5
Shapeshifting  | 4 5 6 7 8 9 |  9.7
Unarmed Combat | 4 5 6 8 9 |  9.4
Fighting       | |  1.0

Action                     |  1- 3 |  4- 6 |  7- 9 || total
---------------------------+-------+-------+-------++-------
  Melee: Unarmed           |   102 |    95 |   270 ||   467
         Bite              |     4 |    13 |    45 ||    62
         Punch             |     1 |     3 |       ||     4
 Invoke: Line Pass         |       |       |     1 ||     1
Ability: Begin Untransform |       |       |     1 ||     1
  Evoke: Wand              |       |       |     5 ||     5
    Use: Scroll            |     6 |     1 |     7 ||    14
         Potion            |       |     2 |     4 ||     6
   Stab: Sleeping          |     5 |     1 |       ||     6
         Paralysed         |     1 |     4 |    18 ||    23
 Armour: Skin              |     7 |     2 |    15 ||    24
  Dodge: Dodged            |    70 |   107 |   243 ||   420
   Form: Flux              |       |       |     1 ||     1

Table legend: (Time is in decaauts)
 A = Elapsed time spent in this place.
 B = Non-inter-level travel time spent in this place.
 C = Inter-level travel time spent in this place.
 D = Time resting spent in this place.
 E = Time spent auto-exploring this place.
 F = Levels seen in this place.
 G = Mean time per level.
                   A        B        C        D        E       F      G
               +--------+--------+--------+--------+--------+-----+--------+
         Total |   4857 |   4685 |    172 |   1041 |   2520 |   8 |  607.1 |
       Dungeon |   4642 |   4470 |    172 |    977 |   2520 |   7 |  663.1 |
       Ossuary |    215 |    215 |      0 |     63 |      0 |   1 |  215.0 |
               +--------+--------+--------+--------+--------+-----+--------+

Top non-repeatable levels by time:
     D:3: 939 daAuts
     D:5: 927 daAuts
     D:4: 750 daAuts
     D:6: 728 daAuts
     D:1: 583 daAuts
     D:2: 464 daAuts
     D:7: 249 daAuts
 Ossuary: 215 daAuts
